2795 views
Uploaded 2020-02-11 20:12:17
Game version 1.32 / 1.32.1
29:49 long 3on3 ladder game on (6)UpperKingdom
Saved by BEARAND
2795 views
Uploaded 2020-02-11 20:12:17
Game version 1.32 / 1.32.1
29:49 long 3on3 ladder game on (6)UpperKingdom


82 units @ 6.6k
/ 0.2k
333 buildings @ 18.9k
/ 9k



| Staff of Sanctuary | 3 | 750 |
| Orb of Venom | 2 | 650 |
| Staff of Preservation | 3 | 450 |
| total: | 8 | 1850g |
| Peasant | 14 | 1050 | / | 0 |
| Priest | 1 | 135 | / | 10 |
| Dragonhawk Rider | 5 | 1000 | / | 150 |
| Sorceress | 1 | 155 | / | 20 |
| total: | 21 | 2340g | / | 180w |
| Scout Tower | 147 | 4410 | / | 2940 |
| Arcane Tower | 21 | 1470 | / | 1050 |
| Guard Tower | 50 | 3500 | / | 2500 |
| Altar of Kings | 1 | 180 | / | 50 |
| Farm | 7 | 560 | / | 140 |
| Lumber Mill | 2 | 240 | / | 0 |
| Arcane Vault | 4 | 520 | / | 120 |
| Blacksmith | 1 | 140 | / | 60 |
| Barracks | 1 | 160 | / | 60 |
| Arcane Sanctum | 1 | 150 | / | 140 |
| Gryphon Aviary | 1 | 140 | / | 150 |
| Keep | 1 | 320 | / | 210 |
| Castle | 1 | 360 | / | 210 |
| total: | 165 | 6500g | / | 3660w |
| 0:01 | Peasant |
| 0:01 | Peasant |
| 0:07 | Altar of Kings |
| 0:14 | Peasant |
| 0:18 | Farm |
| 0:22 | Peasant |
| 0:38 | Farm |
| 0:43 | Peasant |
| 0:49 | Peasant |
| 1:22 | Scout Tower |
| 1:25 | Scout Tower |
| 1:34 | Lumber Mill |
| 1:35 | Peasant |
| 1:35 | Peasant |
| 1:35 | Peasant |
| 1:38 | Lumber Mill |
| 1:46 | Scout Tower |
| 1:54 | Arcane Tower |
| 1:56 | Scout Tower |
| 1:59 | Arcane Tower |
| 2:11 | Peasant |
| 2:12 | Peasant |
| 2:12 | Peasant |
| 2:22 | Peasant |
| 2:23 | Peasant |
| 2:25 | Guard Tower |
| 2:31 | Guard Tower |
| 2:35 | Blizzard |
| 2:41 | Scout Tower |
| 2:42 | Scout Tower |
| 2:44 | Scout Tower |
| 3:09 | Guard Tower |
| 3:11 | Scout Tower |
| 3:11 | Scout Tower |
| 3:13 | Guard Tower |
| 3:23 | Scout Tower |
| 3:24 | Scout Tower |
| 3:24 | Scout Tower |
| 3:47 | Guard Tower |
| 3:50 | Scout Tower |
| 3:50 | Scout Tower |
| 3:51 | Scout Tower |
| 3:52 | Scout Tower |
| 4:01 | Guard Tower |
| 4:04 | Improved Masonry |
| 4:26 | Guard Tower |
| 4:28 | Guard Tower |
| 4:29 | Scout Tower |
| 4:30 | Scout Tower |
| 4:31 | Scout Tower |
| 4:33 | Scout Tower |
| 4:34 | Scout Tower |
| 4:34 | Scout Tower |
| 4:35 | Scout Tower |
| 4:50 | Guard Tower |
| 4:51 | Guard Tower |
| 5:08 | Keep |
| 5:10 | Farm |
| 5:11 | Farm |
| 5:11 | Scout Tower |
| 5:12 | Scout Tower |
| 5:13 | Scout Tower |
| 5:13 | Scout Tower |
| 5:16 | Scout Tower |
| 5:16 | Scout Tower |
| 5:17 | Scout Tower |
| 5:17 | Scout Tower |
| 5:21 | Brilliance Aura |
| 5:31 | Guard Tower |
| 5:42 | Guard Tower |
| 6:29 | Scout Tower |
| 6:30 | Scout Tower |
| 6:31 | Scout Tower |
| 6:33 | Scout Tower |
| 6:33 | Scout Tower |
| 6:34 | Scout Tower |
| 6:35 | Guard Tower |
| 6:48 | Guard Tower |
| 7:07 | Arcane Tower |
| 7:12 | Guard Tower |
| 7:13 | Guard Tower |
| 7:15 | Scout Tower |
| 7:16 | Scout Tower |
| 7:16 | Scout Tower |
| 7:17 | Scout Tower |
| 7:17 | Scout Tower |
| 7:18 | Scout Tower |
| 7:18 | Scout Tower |
| 8:01 | Guard Tower |
| 8:01 | Guard Tower |
| 8:25 | Summon Water Elemental |
| 8:35 | Guard Tower |
| 8:36 | Guard Tower |
| 8:36 | Guard Tower |
| 8:38 | Arcane Sanctum |
| 8:39 | Advanced Masonry |
| 8:39 | Improved Lumber Harvesting |
| 8:49 | Storm Bolt |
| 9:09 | Scout Tower |
| 9:09 | Scout Tower |
| 9:10 | Scout Tower |
| 9:10 | Scout Tower |
| 9:11 | Scout Tower |
| 9:11 | Scout Tower |
| 9:12 | Scout Tower |
| 9:12 | Scout Tower |
| 9:13 | Scout Tower |
| 9:13 | Scout Tower |
| 9:32 | Arcane Vault |
| 9:33 | Arcane Vault |
| 9:48 | Scout Tower |
| 9:57 | Scout Tower |
| 9:58 | Castle |
| 10:09 | Scout Tower |
| 10:30 | Arcane Vault |
| 10:31 | Arcane Vault |
| 10:51 | Guard Tower |
| 11:26 | Scout Tower |
| 11:27 | Scout Tower |
| 11:31 | Scout Tower |
| 11:33 | Scout Tower |
| 11:34 | Scout Tower |
| 11:39 | Guard Tower |
| 11:41 | Scout Tower |
| 11:41 | Scout Tower |
| 11:42 | Scout Tower |
| 11:42 | Scout Tower |
| 12:15 | Magic Sentry |
| 12:16 | Priest |
| 12:36 | Guard Tower |
| 12:54 | Guard Tower |
| 12:56 | Imbued Masonry |
| 12:58 | Bash |
| 13:18 | Scout Tower |
| 13:18 | Scout Tower |
| 13:19 | Scout Tower |
| 13:19 | Scout Tower |
| 13:20 | Scout Tower |
| 13:20 | Scout Tower |
| 13:21 | Scout Tower |
| 13:21 | Scout Tower |
| 13:36 | Staff of Sanctuary |
| 13:43 | Staff of Sanctuary |
| 14:16 | Gryphon Aviary |
| 14:26 | Blacksmith |
| 14:40 | Arcane Tower |
| 14:41 | Guard Tower |
| 15:03 | Holy Light |
| 15:24 | Scout Tower |
| 15:25 | Scout Tower |
| 15:25 | Scout Tower |
| 15:37 | Scout Tower |
| 15:38 | Scout Tower |
| 15:39 | Scout Tower |
| 15:40 | Scout Tower |
| 15:40 | Scout Tower |
| 15:42 | Scout Tower |
| 15:42 | Scout Tower |
| 15:45 | Scout Tower |
| 15:46 | Scout Tower |
| 15:51 | Scout Tower |
| 15:52 | Scout Tower |
| 15:53 | Scout Tower |
| 15:53 | Scout Tower |
| 15:54 | Scout Tower |
| 15:55 | Scout Tower |
| 15:55 | Scout Tower |
| 15:55 | Scout Tower |
| 15:56 | Guard Tower |
| 16:04 | Farm |
| 16:05 | Farm |
| 16:05 | Farm |
| 16:42 | Guard Tower |
| 16:47 | Staff of Sanctuary |
| 17:18 | Brilliance Aura |
| 17:24 | Guard Tower |
| 17:28 | Scout Tower |
| 17:29 | Scout Tower |
| 17:29 | Scout Tower |
| 17:30 | Scout Tower |
| 17:30 | Scout Tower |
| 17:31 | Scout Tower |
| 17:31 | Scout Tower |
| 17:32 | Scout Tower |
| 17:32 | Scout Tower |
| 17:33 | Scout Tower |
| 17:33 | Scout Tower |
| 17:34 | Scout Tower |
| 17:34 | Scout Tower |
| 17:45 | Orb of Venom |
| 17:51 | Staff of Preservation |
| 18:01 | Arcane Tower |
| 18:07 | Dragonhawk Rider |
| 18:08 | Dragonhawk Rider |
| 18:10 | Barracks |
| 18:15 | Arcane Tower |
| 18:16 | Guard Tower |
| 18:18 | Scout Tower |
| 18:18 | Scout Tower |
| 18:19 | Scout Tower |
| 18:19 | Scout Tower |
| 18:20 | Scout Tower |
| 18:20 | Scout Tower |
| 18:20 | Scout Tower |
| 18:22 | Staff of Preservation |
| 20:02 | Storm Bolt |
| 20:05 | Arcane Tower |
| 20:05 | Arcane Tower |
| 20:06 | Animal War Training |
| 20:07 | Scout Tower |
| 20:08 | Scout Tower |
| 20:08 | Scout Tower |
| 20:09 | Scout Tower |
| 20:13 | Arcane Tower |
| 20:14 | Arcane Tower |
| 20:14 | Arcane Tower |
| 20:15 | Guard Tower |
| 20:15 | Guard Tower |
| 20:16 | Guard Tower |
| 20:16 | Guard Tower |
| 20:49 | Scout Tower |
| 20:49 | Scout Tower |
| 20:50 | Scout Tower |
| 20:50 | Scout Tower |
| 20:53 | Scout Tower |
| 20:54 | Scout Tower |
| 20:54 | Scout Tower |
| 20:54 | Scout Tower |
| 20:55 | Arcane Tower |
| 20:56 | Arcane Tower |
| 21:05 | Iron Forged Swords |
| 21:05 | Studded Leather Armor |
| 21:05 | Dragonhawk Rider |
| 21:06 | Dragonhawk Rider |
| 21:10 | Scout Tower |
| 21:10 | Scout Tower |
| 21:11 | Scout Tower |
| 21:13 | Scout Tower |
| 21:13 | Scout Tower |
| 21:14 | Scout Tower |
| 21:14 | Scout Tower |
| 21:24 | Arcane Tower |
| 21:24 | Arcane Tower |
| 22:30 | Arcane Tower |
| 22:33 | Guard Tower |
| 22:36 | Scout Tower |
| 22:37 | Scout Tower |
| 22:37 | Scout Tower |
| 22:38 | Scout Tower |
| 22:38 | Scout Tower |
| 22:38 | Scout Tower |
| 22:39 | Scout Tower |
| 22:40 | Scout Tower |
| 22:40 | Scout Tower |
| 22:40 | Scout Tower |
| 22:41 | Guard Tower |
| 22:45 | Scout Tower |
| 22:45 | Scout Tower |
| 22:46 | Scout Tower |
| 22:46 | Scout Tower |
| 22:59 | Sorceress |
| 23:00 | Sorceress Adept Training |
| 23:08 | Orb of Venom |
| 23:28 | Guard Tower |
| 24:42 | Guard Tower |
| 25:09 | Guard Tower |
| 26:59 | Guard Tower |
| 27:47 | Divine Shield |
| 28:50 | Dragonhawk Rider |
| 28:57 | Staff of Preservation |
| Right click | 2871 |
| Select | 646 |
| Select group | 619 |
| Build/train/purchase | 218 |
| Chat | 146 |
| Use ability | 107 |
| Assign group | 14 |
| Misc. action | 13 |
| Minimap ping | 7 |
| Item give/drop | 3 |



| Orb of Venom | 2 | 650 |
| Staff of Preservation | 3 | 450 |
| Staff of Sanctuary | 3 | 750 |
| total: | 8 | 1850g |
| Wisp | 37 | 2220 | / | 0 |
| total: | 37 | 2220g | / | 0w |
| Altar of Elders | 1 | 180 | / | 50 |
| Moon Well | 26 | 4680 | / | 1040 |
| Ancient of Wonders | 3 | 270 | / | 90 |
| Hunter's Hall | 1 | 210 | / | 100 |
| Tree of Life | 5 | 1700 | / | 925 |
| Ancient of Wind | 1 | 150 | / | 140 |
| Tree of Ages | 1 | 320 | / | 180 |
| Tree of Eternity | 1 | 330 | / | 200 |
| total: | 37 | 7190g | / | 2345w |
| 0:02 | Wisp |
| 0:03 | Wisp |
| 0:06 | Altar of Elders |
| 0:13 | Moon Well |
| 0:26 | Wisp |
| 0:35 | Moon Well |
| 0:45 | Wisp |
| 0:58 | Wisp |
| 1:14 | Wisp |
| 1:14 | Wisp |
| 1:14 | Wisp |
| 1:32 | Wisp |
| 1:32 | Wisp |
| 1:54 | Wisp |
| 1:54 | Wisp |
| 2:09 | Entangling Roots |
| 2:10 | Wisp |
| 2:10 | Wisp |
| 2:11 | Wisp |
| 3:16 | Wisp |
| 3:16 | Wisp |
| 4:02 | Tree of Ages |
| 5:17 | Thorns Aura |
| 5:31 | Moon Well |
| 5:32 | Moon Well |
| 7:03 | Tree of Eternity |
| 7:29 | Trueshot Aura |
| 7:36 | Ancient of Wonders |
| 8:37 | Hunter's Hall |
| 8:41 | Tree of Life |
| 9:24 | Orb of Venom |
| 9:36 | Ancient of Wonders |
| 9:40 | Ancient of Wonders |
| 9:43 | Moon Well |
| 9:44 | Moon Well |
| 10:05 | Well Spring |
| 10:31 | Entangling Roots |
| 10:58 | Tree of Life |
| 11:13 | Searing Arrows |
| 12:11 | Ultravision |
| 12:12 | Nature's Blessing |
| 12:15 | Wisp |
| 12:15 | Wisp |
| 12:15 | Wisp |
| 12:17 | Wisp |
| 12:17 | Wisp |
| 12:17 | Wisp |
| 12:17 | Wisp |
| 12:17 | Wisp |
| 13:18 | Wisp |
| 13:18 | Wisp |
| 13:19 | Wisp |
| 13:19 | Wisp |
| 13:19 | Wisp |
| 13:31 | Staff of Sanctuary |
| 13:41 | Staff of Sanctuary |
| 13:51 | Shadow Strike |
| 14:30 | Strength of the Wild |
| 14:32 | Wisp |
| 14:33 | Wisp |
| 14:34 | Ancient of Wind |
| 14:42 | Orb of Venom |
| 15:50 | Moon Well |
| 16:03 | Wisp |
| 16:03 | Wisp |
| 16:03 | Wisp |
| 16:03 | Wisp |
| 16:10 | Staff of Sanctuary |
| 16:22 | Tree of Life |
| 17:16 | Trueshot Aura |
| 17:21 | Thorns Aura |
| 17:31 | Moon Well |
| 17:32 | Moon Well |
| 17:40 | Improved Strength of the Wild |
| 17:41 | Reinforced Hides |
| 18:01 | Moon Well |
| 18:01 | Moon Well |
| 18:02 | Moon Well |
| 18:03 | Moon Well |
| 20:05 | Moon Well |
| 20:07 | Advanced Strength of the Wild |
| 20:08 | Improved Reinforced Hides |
| 20:10 | Druid of the Talon Adept Training |
| 20:26 | Wisp |
| 20:54 | Moon Well |
| 20:55 | Moon Well |
| 20:57 | Moon Well |
| 22:59 | Moon Well |
| 23:00 | Moon Well |
| 23:02 | Moon Well |
| 25:05 | Moon Well |
| 25:06 | Moon Well |
| 26:45 | Staff of Preservation |
| 27:25 | Blink |
| 28:11 | Staff of Preservation |
| 28:32 | Tree of Life |
| 28:34 | Staff of Preservation |
| 29:05 | Moon Well |
| 29:05 | Moon Well |
| 29:07 | Moon Well |
| 29:08 | Moon Well |
| 29:12 | Tree of Life |
| Right click | 2218 |
| Select group | 1441 |
| Resource trade | 256 |
| Select | 220 |
| Build/train/purchase | 177 |
| Use ability | 92 |
| Misc. action | 26 |
| Minimap ping | 25 |
| Chat | 16 |
| Item give/drop | 10 |
| Assign group | 7 |



| Scroll of Regeneration | 5 | 500 |
| Staff of Sanctuary | 3 | 750 |
| Orb of Fire | 2 | 650 |
| Scroll of Town Portal | 1 | 350 |
| Orb of Venom | 2 | 650 |
| Staff of Preservation | 1 | 150 |
| total: | 14 | 3050g |
| Peasant | 20 | 1500 | / | 0 |
| Priest | 2 | 270 | / | 20 |
| Sorceress | 2 | 310 | / | 40 |
| total: | 24 | 2080g | / | 60w |
| Scout Tower | 119 | 3570 | / | 2380 |
| Arcane Tower | 7 | 490 | / | 350 |
| Guard Tower | 42 | 2940 | / | 2100 |
| Altar of Kings | 1 | 180 | / | 50 |
| Lumber Mill | 1 | 120 | / | 0 |
| Farm | 4 | 320 | / | 80 |
| Arcane Vault | 4 | 520 | / | 120 |
| Town Hall | 1 | 385 | / | 205 |
| Arcane Sanctum | 1 | 150 | / | 140 |
| Keep | 2 | 640 | / | 420 |
| Castle | 2 | 720 | / | 420 |
| total: | 131 | 5245g | / | 2975w |
| 0:01 | Peasant |
| 0:03 | Altar of Kings |
| 0:05 | Peasant |
| 0:18 | Lumber Mill |
| 0:18 | Peasant |
| 0:29 | Farm |
| 0:30 | Peasant |
| 0:51 | Peasant |
| 0:56 | Farm |
| 1:16 | Scout Tower |
| 1:18 | Scout Tower |
| 1:19 | Peasant |
| 1:22 | Peasant |
| 1:32 | Scout Tower |
| 1:35 | Scout Tower |
| 1:36 | Peasant |
| 1:51 | Peasant |
| 1:57 | Arcane Tower |
| 2:05 | Blizzard |
| 2:07 | Peasant |
| 2:09 | Arcane Tower |
| 2:13 | Peasant |
| 2:16 | Guard Tower |
| 2:17 | Scout Tower |
| 2:22 | Scout Tower |
| 2:24 | Peasant |
| 2:24 | Peasant |
| 2:29 | Scout Tower |
| 2:38 | Peasant |
| 2:40 | Guard Tower |
| 2:42 | Scout Tower |
| 2:52 | Scout Tower |
| 2:53 | Guard Tower |
| 2:57 | Scout Tower |
| 3:29 | Guard Tower |
| 3:30 | Scout Tower |
| 3:35 | Arcane Vault |
| 3:36 | Guard Tower |
| 3:37 | Guard Tower |
| 3:39 | Scout Tower |
| 3:42 | Improved Masonry |
| 3:53 | Arcane Vault |
| 3:59 | Guard Tower |
| 4:03 | Scout Tower |
| 4:11 | Scout Tower |
| 4:12 | Guard Tower |
| 4:24 | Keep |
| 4:33 | Guard Tower |
| 5:18 | Scout Tower |
| 5:24 | Scout Tower |
| 5:24 | Guard Tower |
| 5:26 | Scout Tower |
| 5:44 | Farm |
| 6:12 | Scout Tower |
| 6:13 | Scout Tower |
| 6:14 | Brilliance Aura |
| 6:29 | Town Hall |
| 6:37 | Scout Tower |
| 6:38 | Scout Tower |
| 6:39 | Scout Tower |
| 6:44 | Scout Tower |
| 6:45 | Guard Tower |
| 6:47 | Scout Tower |
| 6:47 | Scout Tower |
| 6:48 | Scout Tower |
| 6:48 | Scout Tower |
| 6:50 | Guard Tower |
| 6:52 | Scout Tower |
| 6:54 | Scout Tower |
| 6:55 | Scout Tower |
| 7:12 | Advanced Masonry |
| 7:31 | Guard Tower |
| 7:36 | Arcane Vault |
| 8:13 | Flame Strike |
| 8:24 | Arcane Tower |
| 8:31 | Guard Tower |
| 8:36 | Peasant |
| 8:40 | Scout Tower |
| 8:41 | Scout Tower |
| 8:42 | Scout Tower |
| 8:50 | Guard Tower |
| 9:06 | Improved Lumber Harvesting |
| 9:07 | Peasant |
| 9:08 | Peasant |
| 9:08 | Peasant |
| 9:10 | Guard Tower |
| 9:47 | Blizzard |
| 9:50 | Guard Tower |
| 9:52 | Arcane Vault |
| 9:54 | Scout Tower |
| 9:55 | Scout Tower |
| 10:03 | Castle |
| 10:06 | Arcane Sanctum |
| 10:27 | Siphon Mana |
| 10:42 | Peasant |
| 10:42 | Peasant |
| 11:30 | Magic Sentry |
| 12:04 | Guard Tower |
| 12:05 | Scout Tower |
| 12:06 | Scout Tower |
| 12:15 | Priest Adept Training |
| 12:16 | Priest |
| 12:23 | Scroll of Regeneration |
| 12:28 | Staff of Sanctuary |
| 12:29 | Scroll of Regeneration |
| 12:35 | Imbued Masonry |
| 12:36 | Advanced Lumber Harvesting |
| 13:10 | Guard Tower |
| 13:14 | Scout Tower |
| 13:14 | Scout Tower |
| 13:23 | Rain of Fire |
| 13:45 | Orb of Venom |
| 13:51 | Staff of Sanctuary |
| 13:52 | Orb of Fire |
| 13:55 | Staff of Sanctuary |
| 14:12 | Farm |
| 14:20 | Guard Tower |
| 14:23 | Scout Tower |
| 14:24 | Scout Tower |
| 14:25 | Scout Tower |
| 14:26 | Scout Tower |
| 14:39 | Priest Master Training |
| 14:41 | Guard Tower |
| 14:43 | Scout Tower |
| 14:44 | Scout Tower |
| 14:44 | Scout Tower |
| 14:49 | Scout Tower |
| 14:49 | Scout Tower |
| 14:50 | Scout Tower |
| 14:52 | Scout Tower |
| 14:53 | Scout Tower |
| 14:53 | Scout Tower |
| 14:56 | Scout Tower |
| 14:56 | Scout Tower |
| 14:57 | Scout Tower |
| 14:58 | Scout Tower |
| 14:58 | Scout Tower |
| 15:00 | Scout Tower |
| 15:01 | Scout Tower |
| 15:02 | Scout Tower |
| 15:17 | Flame Strike |
| 15:48 | Brilliance Aura |
| 15:59 | Guard Tower |
| 16:09 | Scroll of Regeneration |
| 16:18 | Priest |
| 16:28 | Orb of Venom |
| 16:33 | Guard Tower |
| 16:38 | Scout Tower |
| 16:39 | Scout Tower |
| 16:39 | Scout Tower |
| 16:40 | Scout Tower |
| 16:41 | Scout Tower |
| 16:42 | Scout Tower |
| 17:11 | Cleaving Attack |
| 17:14 | Guard Tower |
| 17:17 | Scout Tower |
| 17:18 | Scout Tower |
| 17:18 | Scout Tower |
| 17:21 | Scroll of Regeneration |
| 17:35 | Arcane Tower |
| 18:00 | Guard Tower |
| 18:04 | Guard Tower |
| 18:05 | Guard Tower |
| 18:21 | Scout Tower |
| 18:21 | Scout Tower |
| 18:25 | Scout Tower |
| 18:25 | Scout Tower |
| 18:26 | Scout Tower |
| 19:17 | Guard Tower |
| 19:19 | Scout Tower |
| 19:19 | Scout Tower |
| 19:20 | Scout Tower |
| 19:21 | Scout Tower |
| 19:21 | Scout Tower |
| 19:22 | Scout Tower |
| 20:29 | Arcane Tower |
| 20:31 | Scout Tower |
| 20:32 | Scout Tower |
| 20:32 | Scout Tower |
| 20:37 | Guard Tower |
| 20:39 | Guard Tower |
| 20:56 | Guard Tower |
| 20:58 | Scroll of Regeneration |
| 21:00 | Orb of Fire |
| 21:11 | Guard Tower |
| 21:14 | Scout Tower |
| 21:15 | Scout Tower |
| 21:16 | Scout Tower |
| 21:16 | Scout Tower |
| 21:19 | Scout Tower |
| 21:20 | Scout Tower |
| 21:20 | Scout Tower |
| 22:23 | Guard Tower |
| 22:25 | Scout Tower |
| 22:28 | Scout Tower |
| 22:28 | Scout Tower |
| 22:29 | Scout Tower |
| 22:29 | Scout Tower |
| 22:30 | Scout Tower |
| 22:33 | Guard Tower |
| 22:59 | Sorceress Adept Training |
| 22:59 | Sorceress |
| 23:02 | Guard Tower |
| 23:15 | Scout Tower |
| 23:15 | Scout Tower |
| 23:16 | Scout Tower |
| 23:16 | Scout Tower |
| 24:48 | Rain of Fire |
| 24:56 | Scroll of Town Portal |
| 25:03 | Sorceress Master Training |
| 25:04 | Guard Tower |
| 25:06 | Scout Tower |
| 25:07 | Scout Tower |
| 25:08 | Scout Tower |
| 25:09 | Scout Tower |
| 25:09 | Scout Tower |
| 25:12 | Scout Tower |
| 25:13 | Scout Tower |
| 25:13 | Scout Tower |
| 25:14 | Scout Tower |
| 25:17 | Scout Tower |
| 25:17 | Scout Tower |
| 25:18 | Scout Tower |
| 25:19 | Scout Tower |
| 25:19 | Scout Tower |
| 25:22 | Scout Tower |
| 26:09 | Sorceress |
| 26:15 | Guard Tower |
| 26:18 | Guard Tower |
| 26:22 | Staff of Preservation |
| 27:01 | Scout Tower |
| 27:02 | Guard Tower |
| 27:53 | Guard Tower |
| 28:32 | Guard Tower |
| 28:33 | Scout Tower |
| 28:34 | Scout Tower |
| 28:35 | Scout Tower |
| 29:01 | Blizzard |
| 29:40 | Siphon Mana |
| Right click | 1934 |
| Select group | 1667 |
| Assign group | 523 |
| Select | 418 |
| Build/train/purchase | 156 |
| Use ability | 145 |
| Chat | 14 |
| Misc. action | 6 |
| Item give/drop | 4 |
| Minimap ping | 2 |
146 units @ 22k
/ 3.6k
61 buildings @ 9.2k
/ 3.9k


| Wisp | 32 | 1920 | / | 0 |
| Archer | 4 | 520 | / | 40 |
| Glaive Thrower | 3 | 630 | / | 195 |
| Hippogryph | 2 | 320 | / | 40 |
| Mountain Giant | 2 | 700 | / | 200 |
| Druid of the Talon | 1 | 145 | / | 20 |
| Chimaera | 7 | 2310 | / | 490 |
| total: | 51 | 6545g | / | 985w |
| Altar of Elders | 1 | 180 | / | 50 |
| Moon Well | 10 | 1800 | / | 400 |
| Ancient of War | 2 | 300 | / | 120 |
| Hunter's Hall | 1 | 210 | / | 100 |
| Ancient of Wonders | 1 | 90 | / | 30 |
| Tree of Life | 1 | 340 | / | 185 |
| Ancient of Wind | 1 | 150 | / | 140 |
| Ancient of Lore | 1 | 155 | / | 145 |
| Chimaera Roost | 3 | 420 | / | 570 |
| Tree of Ages | 1 | 320 | / | 180 |
| Tree of Eternity | 1 | 330 | / | 200 |
| total: | 21 | 3645g | / | 1740w |
| 0:04 | Altar of Elders |
| 0:05 | Wisp |
| 0:05 | Wisp |
| 0:10 | Moon Well |
| 0:17 | Wisp |
| 0:28 | Wisp |
| 0:40 | Wisp |
| 0:40 | Wisp |
| 0:41 | Wisp |
| 1:02 | Ancient of War |
| 1:09 | Wisp |
| 1:41 | Moon Well |
| 1:50 | Wisp |
| 2:05 | Wisp |
| 2:08 | Entangling Roots |
| 2:11 | Archer |
| 2:15 | Wisp |
| 2:20 | Moon Well |
| 2:36 | Archer |
| 3:17 | Archer |
| 3:37 | Archer |
| 3:38 | Tree of Ages |
| 4:29 | Hunter's Hall |
| 5:29 | Moon Well |
| 5:29 | Moon Well |
| 6:07 | Tree of Eternity |
| 6:10 | Ancient of War |
| 6:20 | Thorns Aura |
| 6:36 | Improved Bows |
| 6:40 | Strength of the Wild |
| 6:41 | Reinforced Hides |
| 7:16 | Scout |
| 7:31 | Moon Well |
| 8:01 | Entangling Roots |
| 8:18 | Ancient of Wonders |
| 8:23 | Ancient of Wind |
| 8:31 | Moon Well |
| 8:38 | Tree of Life |
| 9:54 | Trueshot Aura |
| 10:23 | Glaive Thrower |
| 10:23 | Glaive Thrower |
| 10:26 | Improved Reinforced Hides |
| 10:32 | Ancient of Lore |
| 11:01 | Hippogryph |
| 11:42 | Wisp |
| 11:42 | Wisp |
| 11:42 | Wisp |
| 11:42 | Wisp |
| 11:52 | Wisp |
| 11:52 | Wisp |
| 11:53 | Wisp |
| 11:53 | Wisp |
| 11:54 | Wisp |
| 12:02 | Mountain Giant |
| 12:03 | Resistant Skin |
| 12:24 | Hippogryph |
| 12:29 | Druid of the Talon |
| 13:11 | Glaive Thrower |
| 13:44 | Mountain Giant |
| 14:02 | Wisp |
| 14:03 | Wisp |
| 14:03 | Wisp |
| 14:03 | Wisp |
| 14:07 | Wisp |
| 14:07 | Wisp |
| 14:07 | Wisp |
| 14:29 | Trueshot Aura |
| 14:31 | Thorns Aura |
| 15:02 | Hardened Skin |
| 15:05 | Vorpal Blades |
| 18:16 | Chimaera Roost |
| 18:21 | Chimaera Roost |
| 18:24 | Chimaera Roost |
| 18:26 | Wisp |
| 18:26 | Wisp |
| 18:26 | Wisp |
| 18:27 | Wisp |
| 18:27 | Wisp |
| 19:53 | Corrosive Breath |
| 19:54 | Chimaera |
| 20:43 | Chimaera |
| 21:25 | Chimaera |
| 22:15 | Chimaera |
| 22:40 | Chimaera |
| 22:59 | Moon Well |
| 23:00 | Moon Well |
| 23:02 | Moon Well |
| 23:20 | Improved Strength of the Wild |
| 23:46 | Chimaera |
| 23:46 | Chimaera |
| Right click | 1045 |
| Select | 419 |
| Misc. action | 182 |
| Build/train/purchase | 85 |
| Select group | 80 |
| Use ability | 32 |
| Resource trade | 19 |
| Assign group | 4 |
| Remove unit | 4 |
| Minimap ping | 2 |
| Item give/drop | 1 |


| Peasant | 28 | 2100 | / | 0 |
| Rifleman | 11 | 2255 | / | 330 |
| Spell Breaker | 2 | 430 | / | 60 |
| Siege Engine | 5 | 975 | / | 300 |
| Knight | 2 | 490 | / | 120 |
| total: | 48 | 6250g | / | 810w |
| Blacksmith | 1 | 140 | / | 60 |
| Altar of Kings | 1 | 180 | / | 50 |
| Farm | 12 | 960 | / | 240 |
| Barracks | 1 | 160 | / | 60 |
| Lumber Mill | 1 | 120 | / | 0 |
| Arcane Vault | 1 | 130 | / | 30 |
| Town Hall | 1 | 385 | / | 205 |
| Arcane Sanctum | 1 | 150 | / | 140 |
| Workshop | 1 | 140 | / | 140 |
| Keep | 1 | 320 | / | 210 |
| Castle | 1 | 360 | / | 210 |
| total: | 20 | 2365g | / | 925w |
| 0:06 | Peasant |
| 0:06 | Peasant |
| 0:09 | Peasant |
| 0:26 | Blacksmith |
| 0:46 | Altar of Kings |
| 0:52 | Peasant |
| 0:52 | Peasant |
| 0:58 | Farm |
| 1:06 | Peasant |
| 1:31 | Barracks |
| 1:34 | Peasant |
| 1:53 | Peasant |
| 2:01 | Farm |
| 2:07 | Lumber Mill |
| 2:19 | Black Gunpowder |
| 2:36 | Farm |
| 2:37 | Farm |
| 3:34 | Rifleman |
| 3:36 | Holy Light |
| 3:56 | Arcane Vault |
| 4:05 | Farm |
| 4:07 | Studded Leather Armor |
| 5:17 | Rifleman |
| 5:37 | Peasant |
| 5:43 | Keep |
| 5:45 | Rifleman |
| 6:16 | Farm |
| 6:19 | Rifleman |
| 6:30 | Devotion Aura |
| 7:00 | Farm |
| 7:03 | Rifleman |
| 7:06 | Improved Masonry |
| 8:11 | Holy Light |
| 8:20 | Peasant |
| 8:57 | Long Rifles |
| 9:01 | Peasant |
| 9:17 | Peasant |
| 9:18 | Peasant |
| 10:27 | Improved Lumber Harvesting |
| 10:33 | Arcane Sanctum |
| 10:43 | Rifleman |
| 11:19 | Peasant |
| 11:19 | Peasant |
| 11:19 | Peasant |
| 11:19 | Peasant |
| 11:20 | Peasant |
| 11:51 | Rifleman |
| 12:02 | Farm |
| 12:03 | Farm |
| 12:04 | Farm |
| 12:38 | Rifleman |
| 12:52 | Spell Breaker |
| 12:55 | Control Magic |
| 13:00 | Peasant |
| 13:01 | Peasant |
| 13:01 | Peasant |
| 13:09 | Farm |
| 13:11 | Farm |
| 13:50 | Rifleman |
| 13:58 | Priest Adept Training |
| 13:59 | Spell Breaker |
| 14:41 | Divine Shield |
| 15:05 | Rifleman |
| 16:15 | Bash |
| 17:17 | Workshop |
| 18:07 | Refined Gunpowder |
| 18:08 | Reinforced Leather Armor |
| 18:09 | Castle |
| 18:21 | Rifleman |
| 18:30 | Town Hall |
| 20:35 | Siege Engine |
| 20:47 | Sundering Blades |
| 20:57 | Peasant |
| 21:12 | Peasant |
| 21:13 | Peasant |
| 21:13 | Peasant |
| 21:13 | Peasant |
| 22:03 | Animal War Training |
| 22:04 | Knight |
| 22:04 | Knight |
| 22:37 | Siege Engine |
| 22:38 | Siege Engine |
| 22:43 | Siege Engine |
| 23:34 | Imbued Gunpowder |
| 23:42 | Peasant |
| 23:43 | Peasant |
| 26:03 | Siege Engine |
| Right click | 854 |
| Select | 238 |
| Misc. action | 115 |
| Build/train/purchase | 77 |
| Select group | 51 |
| Use ability | 20 |
| Assign group | 18 |
| Resource trade | 5 |
| Remove unit | 1 |


| Rod of Necromancy | 1 | 150 |
| total: | 1 | 150g |
| Acolyte | 14 | 1050 | / | 0 |
| Ghoul | 5 | 600 | / | 0 |
| Crypt Fiend | 19 | 4085 | / | 760 |
| Frost Wyrm | 9 | 3465 | / | 1080 |
| total: | 47 | 9200g | / | 1840w |
| Nerubian Tower | 1 | 100 | / | 20 |
| Spirit Tower | 1 | 145 | / | 40 |
| Altar of Darkness | 1 | 180 | / | 50 |
| Ziggurat | 11 | 1650 | / | 550 |
| Tomb of Relics | 1 | 130 | / | 30 |
| Crypt | 1 | 200 | / | 50 |
| Graveyard | 3 | 645 | / | 0 |
| Sacrificial Pit | 1 | 75 | / | 150 |
| Boneyard | 2 | 350 | / | 400 |
| Halls of the Dead | 1 | 320 | / | 210 |
| Black Citadel | 2 | 650 | / | 460 |
| total: | 20 | 3230g | / | 1230w |
| 0:05 | Acolyte |
| 0:06 | Acolyte |
| 0:10 | Altar of Darkness |
| 0:13 | Ziggurat |
| 0:30 | Tomb of Relics |
| 1:27 | Crypt |
| 1:43 | Graveyard |
| 2:12 | Ziggurat |
| 2:15 | Rod of Necromancy |
| 2:20 | Death Coil |
| 2:30 | Ghoul |
| 2:30 | Ghoul |
| 2:32 | Ghoul |
| 3:02 | Nerubian Tower |
| 3:12 | Acolyte |
| 3:12 | Acolyte |
| 3:34 | Acolyte |
| 4:01 | Crypt Fiend |
| 4:21 | Crypt Fiend |
| 4:37 | Ziggurat |
| 5:02 | Crypt Fiend |
| 5:27 | Crypt Fiend |
| 5:41 | Creature Attack |
| 6:08 | Crypt Fiend |
| 6:27 | Unholy Aura |
| 6:29 | Crypt Fiend |
| 6:33 | Creature Carapace |
| 7:14 | Crypt Fiend |
| 7:14 | Crypt Fiend |
| 7:48 | Unholy Aura |
| 8:09 | Crypt Fiend |
| 8:11 | Halls of the Dead |
| 8:14 | Ziggurat |
| 8:43 | Spirit Tower |
| 9:18 | Death Coil |
| 9:28 | Crypt Fiend |
| 9:36 | Ziggurat |
| 11:00 | Web |
| 11:01 | Crypt Fiend |
| 11:01 | Crypt Fiend |
| 11:04 | Black Citadel |
| 11:07 | Improved Creature Attack |
| 11:23 | Black Arrow |
| 11:36 | Acolyte |
| 12:17 | Improved Creature Carapace |
| 12:29 | Acolyte |
| 12:29 | Acolyte |
| 12:31 | Acolyte |
| 12:58 | Sacrificial Pit |
| 13:06 | Acolyte |
| 13:06 | Acolyte |
| 13:21 | Ziggurat |
| 14:07 | Burrow |
| 14:14 | Ziggurat |
| 14:50 | Black Citadel |
| 16:08 | Crypt Fiend |
| 16:08 | Crypt Fiend |
| 16:38 | Animate Dead |
| 16:58 | Unholy Aura |
| 17:09 | Crypt Fiend |
| 17:09 | Crypt Fiend |
| 17:09 | Crypt Fiend |
| 17:18 | Advanced Creature Attack |
| 17:19 | Advanced Creature Carapace |
| 17:23 | Boneyard |
| 17:24 | Boneyard |
| 19:01 | Ziggurat |
| 19:02 | Ziggurat |
| 19:02 | Ziggurat |
| 19:04 | Ziggurat |
| 19:20 | Frost Wyrm |
| 19:20 | Frost Wyrm |
| 20:04 | Frost Wyrm |
| 20:15 | Crypt Fiend |
| 20:16 | Crypt Fiend |
| 20:21 | Graveyard |
| 20:25 | Graveyard |
| 20:41 | Frost Wyrm |
| 21:01 | Silence |
| 21:17 | Ghoul |
| 21:17 | Ghoul |
| 21:45 | Frost Wyrm |
| 22:33 | Frost Wyrm |
| 22:33 | Frost Wyrm |
| 23:01 | Frost Wyrm |
| 24:43 | Unholy Strength |
| 24:45 | Unholy Armor |
| 25:04 | Frost Wyrm |
| 25:59 | Acolyte |
| 25:59 | Acolyte |
| 25:59 | Acolyte |
| Right click | 617 |
| Select | 285 |
| Select group | 198 |
| Build/train/purchase | 86 |
| Misc. action | 80 |
| Assign group | 34 |
| Use ability | 33 |
| Minimap ping | 3 |
| Esc | 2 |
⇛